Map: [G8] Royal Blood

Players

Clem - Winner!

  • Race: Terran Terran
  • Spawn Location: 7:00

Spirit

  • Race: Terran Terran
  • Spawn Location: 1:00

Event: Gamers8 2023

VOD

Have the link to the VOD?

Description

Time

  • Played on: Aug. 4, 2023, 2:59 p.m.
  • Length: 7:47

All games in this series

Show
View Real Time Build Order
Export as new Build Order

Clem Terran - Winner!

Build Orders:  

Get SALT Encoding   

  12  0:00  SCV  
  13  0:12  SCV  
  14  0:16  Supply Depot  
  14  0:24  SCV  
  15  0:38  SCV  
  15  0:39  Barracks  
  16  0:44  Refinery  
  16  0:50  SCV  
  16  0:56  Barracks  
  17  1:02  SCV  
  18  1:07  Refinery  
  18  1:14  SCV  
  19  1:27  Reaper  
  19  1:29  Orbital Command  
  20  1:38  Supply Depot  
  20  1:43  Reaper  
  21  1:55  SCV  
  21  1:59  Reaper  
  23  2:06  Factory  
  23  2:08  SCV  
  24  2:18  Reaper  
  24  2:20  SCV  
  26  2:32  Reaper  
  27  2:39  Command Center  
  27  2:44  Supply Depot  
  27  2:51  Hellion  
  30  2:53  Reaper  
  30  3:05  SCV, Reaper  
  32  3:12  Hellion  
  34  3:17  Starport  
  34  3:19  SCV  
  35  3:21  Supply Depot  
  35  3:31  SCV  
  37  3:36  Factory Tech Lab  
  37  3:43  SCV  
  37  3:45  Barracks Reactor  
  37  3:47  Marine  
  38  3:50  Orbital Command  
  38  3:51  Refinery  
  38  3:55  SCV  
  39  3:56  Cyclone  
  42  4:07  SCV  
  42  4:09  Marine  
  40  4:14  Starport Tech Lab  
  40  4:16  SCV  
  41  4:19  SCV  
  41  4:22  Marine  
  41  4:24  Marine  
  44  4:28  Marine  
  45  4:35  Raven, SCV  
  45  4:36  SCV  
  47  4:41  Marine x2  
  48  4:47  SCV  
  48  4:48  SCV  
  48  4:50  Command Center  
  48  4:52  Siege Tank  
  53  4:57  Supply Depot  
  53  4:59  Marine, SCV  
  54  5:00  Marine  
  54  5:03  SCV  
  54  5:06  Barracks  
  57  5:11  SCV  
  57  5:13  Refinery  
  58  5:17  Marine  
  58  5:18  Marine  
  58  5:19  Supply Depot  
  58  5:20  SCV  
  61  5:21  Starport Reactor  
  61  5:24  SCV  
  61  5:26  Stimpack  
  61  5:27  Marine  
  63  5:32  SCV  
  63  5:35  Marine  
  64  5:36  SCV  
  64  5:40  Siege Tank, Marine  
  70  5:43  Supply Depot  
  70  5:45  Marine, SCV  
  70  5:48  SCV  
  73  5:50  Engineering Bay  
  73  5:51  Engineering Bay  
  73  5:55  Supply Depot  
  73  5:56  Barracks Reactor  
  73  5:57  Marine, SCV  
  74  5:58  Marine  
  74  6:00  SCV  
  74  6:03  Orbital Command  
  77  6:05  Starport Reactor  
  77  6:09  SCV  
  78  6:12  Siege Tank, Marine x2  
  78  6:13  Marine  
  78  6:18  Marine  
  84  6:20  Supply Depot  
  84  6:21  SCV  
  84  6:23  SCV  
  87  6:30  Marine, SCV  
  87  6:32  Marine x2  
  90  6:33  Marine, Supply Depot  
  90  6:39  Marine  
  89  6:45  Medivac x2  
  93  6:48  Marine  
  93  6:49  Marine x2  
  93  6:54  Marine, Orbital Command  
  93  6:56  Marine  
  93  6:57  Supply Depot  
  91  7:05  Siege Tank  
  91  7:06  Marine  
  91  7:07  Marine  
  94  7:09  Marine  
  94  7:12  Marine  
  94  7:14  Marine  
  95  7:21  Orbital Command  
  90  7:23  Marine, SCV  
  90  7:25  Marine  
  90  7:27  Marine  
  96  7:33  SCV  
Show
View Real Time Build Order
Export as new Build Order

Spirit Terran 

Build Orders: Gas First Reaper Expand, Liberator Opening 

Get SALT Encoding   

  12  0:00  SCV  
  13  0:12  SCV  
  14  0:17  Supply Depot  
  14  0:24  SCV  
  14  0:28  Refinery  
  15  0:38  SCV  
  16  0:44  Barracks  
  16  0:50  SCV  
  17  1:02  SCV  
  18  1:15  SCV  
  19  1:31  Orbital Command, Reaper  
  20  1:43  Command Center  
  20  1:52  Factory  
  20  1:57  SCV  
  21  2:03  Supply Depot  
  21  2:06  Barracks Reactor  
  21  2:10  SCV  
  21  2:13  Refinery  
  22  2:22  SCV  
  23  2:34  SCV  
  24  2:40  Supply Depot  
  24  2:45  Hellion x2  
  24  2:46  SCV  
  29  2:56  Starport  
  26  3:08  Hellion  
  27  3:13  Hellion  
  27  3:17  SCV  
  29  3:26  Barracks Tech Lab  
  29  3:29  SCV  
  32  3:41  SCV  
  32  3:47  Liberator  
  35  3:53  SCV  
  35  3:54  Orbital Command  
  32  3:56  Marine  
  32  3:58  Cyclone  
  32  4:00  Marine  
  37  4:06  SCV  
  32  4:13  Marine  
  30  4:18  SCV  
  30  4:22  SCV  
  28  4:30  SCV  
  23  4:43  Siege Tank  
  23  4:44  Marine  
  25  4:50  Marine  
  26  4:56  Medivac  
  26  4:59  Orbital Command  
  28  5:02  Marine  
  29  5:07  Marine, SCV  
  33  5:26  Siege Tank  
  34  5:39  Viking  
  36  5:45  SCV  
  36  5:49  Marine  
  38  5:50  Viking, SCV  
  41  5:58  SCV  
  41  6:03  SCV  
  41  6:04  Supply Depot  
  43  6:09  Viking  
  43  6:10  SCV  
  46  6:15  SCV  
  48  6:31  Marine  
  49  6:34  Viking  
  49  6:38  SCV  
  49  6:39  Viking  
  50  6:42  SCV  
  51  6:51  SCV  
  53  7:04  Viking  
  54  7:08  Viking  
  54  7:14  Marine  
  54  7:15  SCV  
  55  7:16  SCV  
  56  7:31  SCV  
Tags
 
Add a new tag
Caveats
  • Supply blocks, unpowered buildings, or Contaminate may cause inaccurate times.
  • Supply counts are checked every 10 seconds.